 Dungeon Crawl Stone Soup version 0.31-a0-177-g4aa6249778 (webtiles) character file.

Game seed: 13369127529561096513

524083 iguanaiguana the Convoker (level 24, -2/204 HPs)
             Began as a Mummy Summoner on June 13, 2023.
             Was a Priest of Yredelemnul.
             Killed from afar by a black draconian (35 damage)
             ... with a bolt of lightning
             ... on level 4 of the Realm of Zot on June 18, 2023.
             The game lasted 04:13:23 (72022 turns).

iguanaiguana the Convoker (Mummy Summoner)         Turns: 72022, Time: 04:13:23

Health: -2/204     AC: 21    Str: 22    XL:     24   Next: 20%
Magic:  13/46      EV: 15    Int: 28    God:    Yredelemnul [***...]
Gold:   2419       SH:  8    Dex: 14    Spells: 7/61 levels left

rFire   . . .        a - +7 flail of Wosit {venom, Will- Str+10 Int+5 Stlth-}
rCold   + + .        s - +3 buckler {AC+3}
rNeg    + + +        T - +2 robe {Will+}
rPois   ∞            e - +2 helmet
rElec   .            L - +2 cloak of the Big Bang {rN++}
rCorr   +            l - +2 pair of gloves
SInv    +            X - +3 pair of mountain boots {steadfast, rC+}
Will    +++..        V - amulet of regeneration
Stlth   +            v - ring of see invisible
HPRegen 1.34/turn    R - ring of Understanding {rF+ rCorr Slay+4}
MPRegen 0.30/turn

%: faith
@: about to teleport
A: cold resistance 1, negative energy resistance 3, torment resistance 2, heat
vulnerability 1, in touch with death 2, no potions, faith
}: 3/15 runes: barnacled, silver, gossamer
a: Renounce Religion, Recall Undead Harvest, Dark Bargain


You were on level 4 of the Realm of Zot.
You worshipped Yredelemnul.
Yredelemnul was pleased with you.
You visited 9 branches of the dungeon, and saw 45 of its levels.
You visited 1 bazaar.

You collected 8505 gold pieces.
You spent 6086 gold pieces at shops.

Inventory:

Hand Weapons
 a - the +7 flail of Wosit (weapon) {venom, Will- Str+10 Int+5 Stlth-}
   (You found it on level 5 of the Dungeon)

   Str:       It affects your strength (+10).
   Int:       It affects your intelligence (+5).
   Will:      It decreases your willpower.
   Stlth:     It makes you less stealthy.
 y - the +7 trident "Meene" {drain, rF+ rC+ Dex+4}
   (You took it off a vault guard on level 5 of the Vaults)

   Dex:       It affects your dexterity (+4).
   rF:        It protects you from fire.
   rC:        It protects you from cold.
Missiles
 n - 3 silver boomerangs
 u - 8 curare-tipped darts
 W - 3 throwing nets
 Y - 9 silver javelins
Armour
 e - a +2 helmet (worn)
 f - an orb of light
 l - a +2 pair of gloves (worn)
 s - a +3 buckler of protection (worn)
 K - a scarf of resistance
 L - the +2 cloak of the Big Bang (worn) {rN++}
   (You found it on level 11 of the Dungeon)

   rN:        It greatly protects you from negative energy.
 T - a +2 robe of willpower (worn)
 U - the +5 tower shield "Soidoni" {Dex+2}
   (You found it on level 2 of the Spider Nest)

   Dex:       It affects your dexterity (+2).
 X - the +3 pair of mountain boots (worn) {steadfast, rC+}
   (You acquired it on level 4 of the Shoals)

   Steadfast: It prevents involuntary movement, except for blinking,
   teleportation, or banishment.
   rC:        It protects you from cold.
Magical Staves
 b - the staff of the Blushing Fox {rElec rCorr Earth}
   (You found it on level 3 of the Depths)

   [staff of earth]

   Base accuracy: +5 Base damage: 5 Base attack delay: 1.2 This weapon's minimum
   attack delay (0.6) is reached at skill level 12.
   rElec:     It insulates you from electricity.
   rCorr:     It protects you from acid and corrosion.
   It falls into the 'Staves' category.
   It is a one-handed weapon.
Jewellery
 i - a ring of flight
 m - a ring of willpower
 p - a ring of fire
 v - a ring of see invisible (left hand)
 A - the amulet of Icuugy Feqe {Spirit rF+ Dex+3 Stlth-}
   (You took it off a vault guard on level 5 of the Vaults)

   [amulet of guardian spirit]

   It causes incoming damage to be divided between your reserves of health and
   magic.
   Dex:       It affects your dexterity (+3).
   rF:        It protects you from fire.
   Stlth:     It makes you less stealthy.
 C - the ring "Zups" {rC+ Dex+6}
   (You took it off a merfolk javelineer on level 4 of the Shoals)

   [ring of dexterity]

   Dex:       It affects your dexterity (+6).
   rC:        It protects you from cold.
 D - a ring of resist corrosion
 H - a ring of wizardry
 I - a ring of protection from cold
 R - the ring of Understanding (right hand) {rF+ rCorr Slay+4}
   (You bought it in a shop on level 1 of the Dungeon)

   [ring of slaying]

   Slay:      It affects your accuracy & damage with ranged weapons and melee
   (+4).
   rF:        It protects you from fire.
   rCorr:     It protects you from acid and corrosion.
 S - the ring of Jiptunoo {rPois Will+ MP+9 SInv Stlth-}
   (You took it off a draconian monk on level 3 of the Realm of Zot)

   [ring of magical power]

   rPois:     It protects you from poison.
   MP:        It affects your magic capacity (+9).
   SInv:      It lets you see invisible.
   Will:      It increases your willpower.
   Stlth:     It makes you less stealthy.
 V - an amulet of regeneration (around neck)
 Z - a +6 ring of intelligence
Wands
 k - a wand of polymorph (44)
 x - a wand of digging (6) {@v3}
 B - a wand of paralysis (52)
 O - a wand of iceblast (24) {@v2}
 Q - a wand of light (35)
Scrolls
 c - a scroll of revelation
 g - 4 scrolls of brand weapon
 h - 14 scrolls of teleportation {@r3}
 j - 4 scrolls of torment
 o - 7 scrolls of immolation
 q - a scroll of vulnerability
 r - 6 scrolls of blinking {@r4}
 w - 5 scrolls of poison
 z - 2 scrolls of silence
 F - 8 scrolls of fog
 G - 3 scrolls of fear
 J - 5 scrolls of amnesia
 M - 7 scrolls of enchant weapon
Miscellaneous
 t - a phial of floods
 E - a condenser vane
 N - a sack of spiders
 P - a phantom mirror


   Skills:
 - Level 20.0 Fighting
 - Level 3.8 Armour
 + Level 8.7 Dodging
 - Level 3.0 Stealth
 - Level 6.0 Shields
 - Level 19.0 Spellcasting
 - Level 0.5 Conjurations
 - Level 4.0 Hexes
 - Level 20.0 Summonings
 - Level 14.0 Necromancy
 - Level 12.0 Translocations
 - Level 6.0 Air Magic
 - Level 6.0 Earth Magic
 - Level 14.0 Invocations
 - Level 4.0 Evocations


You had 7 spell levels left.
You knew the following spells:

 Your Spells              Type           Power      Damage    Failure   Level
a - Summon Forest         Summ/Tloc      43%        N/A       1%          5
b - Summon Hydra          Summ           47%        N/A       1%          7
c - Malign Gateway        Summ/Tloc      43%        N/A       2%          7
d - Haunt                 Necr/Summ      67%        N/A       1%          7
e - Summon Horrible Thin  Summ           47%        N/A       3%          8
f - Monstrous Menagerie   Summ           47%        N/A       1%          7
g - Summon Mana Viper     Hex/Summ       76%        N/A       1%          5
h - Blink                 Tloc           100%       N/A       1%          2
i - Apportation           Tloc           100%       N/A       0%          1
k - Borgnjor's Vile Clut  Necr/Erth      55%        N/A       1%          5

Your spell library contained the following spells:

 Spells                   Type           Power      Damage    Failure   Level
 Necrotise                Necr           100%       1d9       0%          1
 Summon Small Mammal      Summ           100%       N/A       0%          1
 Call Imp                 Summ           100%       N/A       0%          2
 Call Canine Familiar     Summ           95%        N/A       0%          3
 Freeze                   Ice            100%       1d10      1%          1
 Magic Dart               Conj           100%       1d8       1%          1
 Sandblast                Erth           100%       2d20      1%          1
 Cigotuvi's Dreadful Rot  Necr/Pois/Air  100%       N/A       1%          2
 Lesser Beckoning         Tloc           100%       N/A       1%          2
 Momentum Strike          Conj/Tloc      100%       3d10      1%          2
 Passwall                 Tmut/Erth      35%        N/A       1%          2
 Poisonous Vapours        Pois/Air       86%        N/A       1%          2
 Static Discharge         Conj/Air       88%        2-6/arc   1%          2
 Portal Projectile        Hex/Tloc       100%       N/A       1%          3
 Stone Arrow              Conj/Erth      88%        3d12      1%          3
 Summon Guardian Golem    Hex/Summ       76%        N/A       1%          3
 Tukima's Dance           Hex            49%        N/A       1%          3
 Volatile Blastmotes      Fire/Tloc      100%       2d18      1%          3
 Airstrike                Air            28%        2d(5-21)  1%          4
 Anguish                  Hex/Necr       53%        N/A       1%          4
 Animate Armour           Summ/Erth      100%       N/A       1%          4
 Iskenderun's Mystic Bla  Conj/Tloc      57%        2d12      1%          4
 Manifold Assault         Tloc           76%        N/A       1%          4
 Summon Ice Beast         Ice/Summ       70%        N/A       1%          4
 Summon Lightning Spire   Summ/Air       78%        N/A       1%          4
 Summon Cactus Giant      Summ           47%        N/A       1%          6
 Scorch                   Fire           52%        2d7       2%          2
 Searing Ray              Conj           58%        2d6       2%          2
 Mephitic Cloud           Conj/Pois/Air  38%        N/A       2%          3
 Leda's Liquefaction      Hex/Erth       26%        N/A       2%          4
 Hailstorm                Conj/Ice       28%        3d8       4%          3
 Lee's Rapid Deconstruct  Erth           28%        3d15*     4%          5
 Frozen Ramparts          Ice            52%        1d8       5%          3
 Ignite Poison            Fire/Tmut/Pois 26%        N/A       5%          3
 Ozocubu's Armour         Ice            26%        N/A       5%          3
 Petrify                  Tmut/Erth      43%        N/A       5%          4
 Silence                  Hex/Air        26%        N/A       7%          5
 Fulminant Prism          Conj/Hex       19%        3d10      8%          4
 Flame Wave               Conj/Fire      28%        2d9       17%         4
 Freezing Cloud           Conj/Ice/Air   19%        6-21      22%         5
 Metabolic Englaciation   Hex/Ice        18%        N/A       22%         5
 Spellforged Servitor     Conj/Summ      35%        N/A       24%         7
 Iskenderun's Battlesphe  Conj           29%        2d8       38%         5
 Fireball                 Conj/Fire      14%        3d8       43%         5
 Alistair's Intoxication  Tmut/Pois      17%        N/A       45%         5
 Conjure Ball Lightning   Conj/Air       22%        3x3d6     58%         6
 Leda's Unmaking          Conj/Erth      22%        9d4       58%         6
 Plasma Beam              Fire/Air       21%        2x1d33    63%         6
 Eringya's Noxious Bog    Tmut/Pois      13%        N/A       96%         6
 Orb of Destruction       Conj           14%        9d7       100%        7
 Ozocubu's Refrigeration  Ice            13%        4d10      100%        7
 Infestation              Necr           62%        N/A       36%         8
 Chain Lightning          Conj/Air       22%        3d29      100%        9
 Fire Storm               Conj/Fire      14%        8d4       100%        9
 Polar Vortex             Ice            13%        N/A       100%        9
 Shatter                  Erth           28%        3d24*     100%        9
 Animate Dead             Necr           Unusable   N/A       N/A         4
 Simulacrum               Ice/Necr       Unusable   N/A       N/A         6
 Blade Hands              Tmut           Unusable   N/A       N/A         5
 Statue Form              Tmut/Erth      Unusable   N/A       N/A         6
 Storm Form               Tmut/Air       Unusable   N/A       N/A         7
 Death's Door             Necr           Unusable   N/A       N/A         9

Dungeon Overview and Level Annotations

Branches:
Dungeon (15/15) Zot: 24030  Temple (0/1) D:6            Lair (5/5) D:9 Zot: 22392
 Shoals (4/4) Lair:3 Zot: 17271  Spider (4/4) Lair:2 Zot: 15287   Slime (0/5) Lair:4
    Orc (2/2) D:12 Zot: 8611     Elf (2/3) Orc:2 Zot: 8983  Vaults (5/5) D:13 Zot: 15534
  Crypt (0/3) Vaults:2     Depths (4/4) D:15 Zot: 17316     Zot (4/5) Depths:4 Zot: 16599

Altars:
Fedhas
Kikubaaqudgha
Qazlal
Ru
Sif Muna
Vehumet
Wu Jian
Xom
Yredelemnul

Shops:
D:1 !=   D:4 !   D:12 ?   D:14 (   Orc:2 !*:*[   Elf:2 !   Shoals:1 ::
Vaults:1 !   Vaults:2 :   Vaults:3 *   Vaults:5 !   Depths:2 *   Depths:4 ((?(

Portals:
Hell: Depths:1 Depths:2 Depths:3 Depths:4
Abyss: Depths:3
Pandemonium: Orc:2 Depths:1 Depths:2
Ziggurat: Depths:4

Annotations:
D:10 4 transporters
Shoals:2 3 runed translucent doors, billz999's ghost, adept VSCK
Elf:2 3 runed translucent doors
Vaults:5 1 exclusion
Depths:3 exclusion: downstairs


Innate Abilities, Weirdness & Mutations

You are immune to poison.
Your flesh is cold resistant. (rC+)
You are immune to negative energy. (rN+++)
You are immune to unholy pain and torment.
You are vulnerable to heat. (rF-)
You are strongly in touch with the powers of death.
You do not drink.
You have a special connection with the divine. (Faith)


Message History

Your red draconian is unaffected.
Your black draconian is unaffected.
Your yellow draconian barely misses the Killer Klown.
Your red draconian hits the Killer Klown from afar with a +0 trident!
The Killer Klown struggles to escape constriction.
Your yellow draconian spits acid at the Killer Klown.
The glob of acid hits the Killer Klown.
The acid splashes onto your black draconian!
Your black draconian is splashed with acid!
The acid corrodes your black draconian!
Your red draconian hits the Killer Klown from afar with a +0 trident!
Your black draconian completely misses the Killer Klown.
The Killer Klown struggles to escape constriction.
Your storm dragon breathes lightning at the Killer Klown.
The bolt of lightning hits your ghost moth!!
The bolt of lightning hits your black draconian.
Your black draconian completely resists.
The bolt of lightning hits the Killer Klown!!
Your black draconian hits the Killer Klown with a +0 long sword!
Your red draconian hits the Killer Klown from afar with a +0 trident.
The Killer Klown pies your storm dragon viciously!
The klown pie hits your black draconian!!
Blueberry!
Your black draconian loses the ability to speak.
Aiming: Borgnjor's Vile Clutch (mildly dangerous; 1% risk of failure)
Press: ? - help, Q - select action, (/) - cycle Shift-Dir - straight line, f - black draconian, p - Killer Klown
Aim: a black draconian, wielding a +0 long sword (lightly wounded, covered in acid, 100% to hit)
You feel a strong surge of power!
Your shadow dragon is unaffected.
Your red draconian is unaffected.
Your black draconian is unaffected.
Your yellow draconian is unaffected.
The black draconian breathes lightning at you.
The bolt of lightning hits your yellow draconian!!
The bolt of lightning hits your black draconian.
Your black draconian completely resists.
The bolt of lightning hits your red draconian!!
The bolt of lightning hits your shadow dragon!!
The bolt of lightning hits you!!
You die...
Yredelemnul claims you as an undead slave.

..#.#....#.......#
......#..#^......#
......#..'.......#
....#+#.###..d..##
..###,###*##.pd##
..#*,,,**,,##+dy###
###,,,,,+,*#..#dD.#
..#*,,,#########DZ# ****
#####,*#.......#@X#**,,*
....#**#.......#.Z#,,,,*
..#..# #.q###..#).#,,,,*
###**# #ZXX.#..)Z)#,,,,*
#.q..#..)..#,****
###..#######,,,*
#..q.#,,,,.*,,,*
#....#,,...*,,,*
#..###..#,,**,,*


You could see a Killer Klown (distracted, clutched, ally target), a black
draconian (catching breath, corroded, clutched, ally target), a friendly shadow
dragon (summoned), a friendly storm dragon (summoned, catching breath), a
friendly black draconian (summoned, unsilenced, mute, corroded), a friendly
yellow draconian (summoned, catching breath), a friendly red draconian
(summoned), a friendly ghost moth (summoned, invisible), a friendly large
abomination (summoned), 2 friendly moth of wrath zombies and a friendly purple
draconian zombie.

Vanquished Creatures
  A juggernaut (Depths:4)
  A curse toe (Zot:4)
  A caustic shrike (Depths:3)
  3 golden dragons
  2 bone dragons
  3 tentacled monstrosities
  A lich (Vaults:5)
  2 death cobs
  A quicksilver dragon (Vaults:5)
  A walking divine tome (Depths:2)
  A sphinx (Depths:2)
  A draconian monk (Zot:3)
  5 shadow dragons
  4 storm dragons
  2 tengu reavers (Vaults:5)
  A fire giant (Depths:3)
  3 iron dragons
  A ghost moth (Spider:4)
  12 vault wardens
  A draconian scorcher (Zot:4)
  A draconian stormcaller (Zot:4)
  5 ironbound preservers
  3 war gargoyles
  6 very ugly things
  A draconian annihilator (Zot:4)
  A spriggan defender (Depths:4)
  An orc warlord (Vaults:2)
  2 stone giants
  4 ironbound thunderhulks
  3 black draconians
  A deep elf demonologist (Vaults:5)
  2 vampire knights (Depths:2)
  6 green draconians
  5 purple draconians
  2 dire elephants
  A spark wasp (Depths:4)
  2 nameless horrors
  5 red draconians
  A yellow draconian (Zot:4)
  2 merfolk javelineers (Shoals:4)
  5 white draconians
  An ettin (Depths:4)
  A crystal guardian (Vaults:3)
  A merfolk impaler (Shoals:4)
  8 yaktaur captains
  3 fire dragons
  2 great orbs of eyes (Vaults:4)
  An ice dragon (Depths:4)
  A rakshasa (Depths:2)
  4 ironbound frosthearts
  A demonspawn (Orc:2)
  13 vault guards
  A spriggan air mage (Depths:3)
  An ogre mage (Vaults:5)
  4 dancing weapons
  2 death yaks (Lair:5)
  3 centaur warriors
  2 deep troll shamans
  2 tengu warriors (Depths:3)
  A satyr (Shoals:2)
  A deep troll earth mage (Depths:3)
  A storm dragon zombie (Zot:2)
  Urug (Orc:2)
  A deep elf knight (Elf:2)
  A spriggan berserker (Depths:3)
  Nergalle (Lair:1)
  2 soul eaters (Zot:2)
  4 iron trolls
  17 deep trolls
  A glowing orange brain (Depths:2)
  3 deep elf archers
  A slime creature (Vaults:3)
  A swamp dragon (Zot:3)
  9 ironbound convokers
  A lindwurm (Vaults:1)
  A steelbarb worm (Spider:2)
  4 necromancers (Elf:1)
  5 deep elf pyromancers
  A harpy (Shoals:3)
  2 wizards
  6 orc knights
  2 phantasmal warriors
  An orc sorcerer (Orc:1)
  5 deep elf zephyrmancers
  2 manticores
  4 ugly things
  9 centaur zombies (D:12)
  4 cyclopes
  3 elephants (Lair:5)
  5 vault sentinels
  A merfolk siren (Shoals:4)
  2 water nymphs (Shoals:4)
  A black mamba (Lair:5)
  9 moths of wrath
  2 cane toads
  A tengu conjurer (D:15)
  12 yaktaurs
  A polar bear (Lair:3)
  A tarantella (shapeshifter) (D:15)
  3 meliai (D:15)
  A troll (D:11)
  2 wind drakes (Shoals:4)
  2 hornets
  4 tarantellas
  4 blink frogs
  6 dream sheep (Lair:5)
  A snapping turtle (Shoals:4)
  7 water elementals
  4 jumping spiders
  An air elemental (Shoals:4)
  A spriggan (Depths:4)
  A wraith (D:10)
  18 yaks
  2 shadows
  A fire bat (Depths:3)
  2 basilisks
  2 wyverns
  3 vampire mosquitoes
  A slime creature zombie (Vaults:3)
  5 redbacks
  A warg (D:12)
  An acid dragon (D:14)
  4 water moccasins
  13 orc warriors
  An ice beast (D:5)
  2 black bears
  2 wolves (Lair:1)
  4 ogres
  2 sky beasts (D:8)
  A sky beast (shapeshifter) (D:12)
  7 centaurs
  A kobold brigand (D:8)
  2 elf zombies (Elf:1)
  4 bullfrogs
  2 gnoll sergeants
  2 wights
  7 killer bees (Lair:3)
  7 howler monkeys
  2 crimson imps (Depths:3)
  2 hounds
  A gnoll bouda (D:6)
  9 orc priests
  3 jellies (D:6)
  2 iguanas
  A sleepcap (D:5)
  A boggart zombie (D:12)
  3 orc wizards
  Robin (D:2)
  10 gnolls
  6 adders
  A shadow imp (D:5)
  A white imp (D:6)
  An ufetubus (D:6)
  4 worms
  33 orcs
  2 ball pythons
  4 endoplasms
  3 giant cockroaches
  4 goblins
  A hobgoblin (D:1)
  2 jackals (D:1)
  3 quokkas
  A frilled lizard (D:3)
  10 kobolds
  4 rats
536 creatures vanquished.

Vanquished Creatures (collateral kills)
  2 dread liches (Vaults:5)
  2 juggernauts
  Boris (Depths:3)
  4 golden dragons
  3 curse toes
  Nikola (Vaults:3)
  Jory (Depths:3)
  3 bone dragons
  13 tentacled monstrosities
  A lich (Depths:2)
  5 quicksilver dragons
  A walking earthen tome (Depths:3)
  A walking frostbound tome (Depths:3)
  A titan (Depths:2)
  2 eldritch tentacles
  An ancient champion (Depths:3)
  5 death cobs
  3 tengu reavers
  4 sphinxes
  Kirke (D:14)
  8 shadow dragons
  Roxanne (Shoals:1)
  15 storm dragons
  A draconian monk (Depths:4)
  5 frost giants
  An azure jelly (shapeshifter) (Vaults:5)
  3 emperor scorpions
  3 deep elf sorcerers (Vaults:5)
  3 iron dragons
  A draconian knight (Zot:2)
  Aizul (Elf:1)
  2 draconian scorchers
  18 vault wardens
  7 fire giants
  10 ghost moths
  2 draconian shifters
  2 orc warlords
  A draconian stormcaller (Zot:4)
  A broodmother (Spider:3)
  9 ironbound preservers
  3 war gargoyles
  4 draconian annihilators
  21 very ugly things
  Nessos (D:12)
  3 ironbound thunderhulks (Vaults:3)
  6 stone giants
  A vampire knight (Depths:1)
  3 green draconians
  2 black draconians
  5 purple draconians
  4 red draconians
  3 deep elf annihilators
  2 white draconians
  2 yellow draconians
  5 spark wasps
  2 dire elephants (Vaults:2)
  Azrael (Spider:3)
  9 ettins
  2 eidola (Vaults:3)
  A crystal guardian (Vaults:3)
  4 deep elf death magi
  4 merfolk javelineers (Shoals:4)
  2 ice dragons (Depths:4)
  7 merfolk impalers
  7 entropy weavers
  4 fire dragons
  2 deep elf high priests (Vaults:5)
  3 peacekeepers
  13 yaktaur captains
  24 vault guards
  3 spriggan air magi
  3 great orbs of eyes
  2 hydras
  6 ironbound frosthearts
  6 jorogumos
  2 hell beasts (Depths:3)
  3 catoblepae (Lair:5)
  2 ogre magi
  5 merfolk aquamancers (Shoals:4)
  3 radroaches
  A boulder beetle (shapeshifter) (Depths:4)
  8 dancing weapons
  4 centaur warriors
  2 alligator snapping turtles (Shoals:4)
  4 merfolk avatars
  A satyr (Shoals:4)
  8 death scarabs (Spider:4)
  A boulder beetle (Vaults:2)
  3 deep troll shamans
  4 two-headed ogres
  6 death yaks (Lair:5)
  5 orc high priests (Orc:2)
  A vampire mage (Depths:2)
  4 deep troll earth magi
  6 demonic crawlers
  6 spriggan berserkers
  5 tengu warriors
  3 soul eaters (Zot:2)
  A spectral emperor scorpion (Spider:4)
  A sun demon (Depths:4)
  4 deep elf knights
  3 iron trolls
  A shadow wraith (Vaults:3)
  A skyshark (Shoals:1)
  2 skeletal warriors (Depths:3)
  3 sun moths
  A death drake (Zot:3)
  10 orb spiders
  Lodul (D:10)
  23 deep trolls
  5 pharaoh ants
  2 spriggan riders (Depths:4)
  11 sea snakes
  A sea snake (shapeshifter) (Depths:2)
  5 deep elf archers
  4 wizards
  A quicksilver dragon simulacrum (Depths:3)
  2 spectral wolf spiders (Spider:4)
  9 ironbound convokers
  A lindwurm (Lair:3)
  2 wolf spider zombies
  6 steelbarb worms
  9 orc knights
  22 harpies
  A harpy (shapeshifter) (Depths:4)
  3 phantasmal warriors (Vaults:5)
  An oklob plant (Lair:4)
  9 deep elf zephyrmancers
  18 wolf spiders
  18 ugly things
  7 deep elf pyromancers
  6 orc sorcerers (Orc:2)
  2 cyclopes
  A shadow dragon skeleton (Zot:2)
  A salamander (D:15)
  4 fauns (Shoals:2)
  8 manticores
  A manticore (shapeshifter) (Elf:2)
  4 black mambas
  19 moths of wrath
  2 merfolk sirens (Shoals:1)
  Joseph (D:10)
  14 elephants
  3 nameless horrors
  9 water nymphs
  10 vault sentinels
  A rust devil (Orc:2)
  An orange demon (Orc:2)
  2 centaur zombies (D:12)
  9 torpor snails
  10 cane toads
  2 spectral redbacks (Spider:4)
  An unseen horror (D:12)
  2 redback zombies (Spider:4)
  27 yaktaurs
  A steelbarb worm zombie (Spider:2)
  2 freezing wraiths
  3 tengu conjurers
  An efreet (D:13)
  2 komodo dragons
  A rime drake (Lair:4)
  An ice devil (Orc:2)
  16 merfolk
  A queen bee (Lair:3)
  11 wind drakes
  3 meliai (Spider:1)
  2 polar bears (Lair:5)
  5 trolls
  2 hornets
  5 spectral tarantellas (Spider:4)
  32 tarantellas
  18 blink frogs
  2 spectral jumping spiders (Spider:4)
  3 tarantella zombies (Spider:4)
  17 dream sheep
  2 large abominations (Elf:1)
  A raiju (shapeshifter) (D:15)
  19 slime creatures
  5 snapping turtles
  24 jumping spiders
  2 ynoxinuls (Orc:2)
  2 spriggans (Depths:1)
  36 yaks
  3 wraiths (Shoals:1)
  22 culicivoras
  A shadow (D:11)
  3 fire bats (Depths:3)
  22 water elementals
  4 wyverns
  5 air elementals (Shoals:4)
  A vampire (D:11)
  4 fire elementals (Spider:3)
  3 hogs (D:14)
  4 basilisks
  3 vampire mosquitoes
  46 redbacks
  4 wargs
  An acid dragon (Zot:3)
  A floating eye (shapeshifter) (Vaults:5)
  3 hell hounds (Spider:3)
  10 water moccasins
  A floating eye (Depths:3)
  17 orc warriors
  2 ice beasts
  A black bear (D:5)
  8 ogres
  A boggart (Vaults:4)
  4 wolves
  A phantom (D:7)
  6 bullfrogs
  2 elf zombies (Elf:1)
  A gnoll sergeant (D:6)
  3 scorpions
  An earth elemental (Elf:2)
  11 wights
  11 killer bees
  2 howler monkeys
  2 crimson imps (Depths:3)
  15 orc priests
  Crazy Yiuf (D:2)
  A hound (D:5)
  3 gnoll boudas
  An iguana (D:4)
  2 sleepcaps (D:6)
  12 orc wizards
  14 gnolls
  4 adders
  An ufetubus (D:7)
  A worm (D:2)
  2 dart slugs (D:1)
  48 orcs
  2 ball pythons
  2 bats (D:1)
  6 endoplasms
  A giant cockroach (D:1)
  6 goblins
  7 hobgoblins
  4 jackals (D:1)
  3 kobolds (D:1)
  2 quokkas (D:1)
  5 frilled lizards
  An orc zombie (D:10)
  6 rats
1317 creatures vanquished.

Vanquished Creatures (others)
  A golden dragon (Zot:3)
  A titan (Vaults:5)
  10 eldritch tentacles
  A shadow dragon (Depths:3)
  A spectral rakshasa (Vaults:5)
  spectral Arachne (Spider:3)
  A spectral titan (Zot:3)
  A fire giant (Depths:2)
  A frost giant (Depths:2)
  A vault warden (Vaults:4)
  6 spectral tentacled monstrosities
  A juggernaut zombie (Depths:4)
  A spectral draconian (Zot:4)
  A stone giant (Depths:3)
  An ironbound preserver (Vaults:3)
  2 very ugly things
  A purple draconian (Zot:4)
  A spark wasp (Depths:2)
  spectral Mlioglotl (Spider:4)
  A yaktaur captain (Vaults:4)
  A quicksilver dragon zombie (Vaults:5)
  A spectral yaktaur (Vaults:2)
  A great orb of eyes (Vaults:3)
  3 very ugly thing zombies
  A fire dragon (Depths:2)
  A vault guard (Vaults:5)
  An azure jelly zombie (Vaults:5)
  A titan zombie (Vaults:5)
  A spectral hydra (Lair:5)
  2 storm dragon zombies (Zot:3)
  3 golden dragon zombies
  3 ghost moth zombies
  4 deep trolls (Vaults:4)
  2 spark wasp zombies
  A spectral demonspawn (Spider:2)
  A shadow dragon zombie (Vaults:5)
  A spectral human (Shoals:1)
  3 sphinx zombies
  7 wolf spider zombies
  A deep elf pyromancer (Elf:1)
  5 ugly thing zombies
  2 draconian zombies
  2 jorogumo zombies
  A broodmother zombie (Spider:3)
  4 death scarab zombies (Spider:4)
  2 fire giant zombies (Depths:4)
  5 stone giant zombies
  A frost giant zombie (Depths:2)
  A spectral orc (D:12)
  3 black draconian zombies
  A spectral sun demon (Depths:4)
  An alligator snapping turtle zombie (Shoals:4)
  A yellow draconian zombie (Zot:1)
  5 purple draconian zombies
  4 spriggan zombies
  A spectral manticore (Lair:5)
  3 red draconian zombies
  4 white draconian zombies
  2 steelbarb worm zombies
  A sea snake zombie (Shoals:2)
  3 green draconian zombies
  11 redback zombies
  2 orb spider zombies (Spider:2)
  3 demonic crawler zombies
  13 harpy zombies
  An iron troll zombie (Depths:4)
  A death drake zombie (Zot:3)
  3 ettin zombies
  14 moth of wrath zombies
  15 merfolk zombies
  4 fire dragon zombies
  10 jumping spider zombies
  2 great orb of eyes zombies
  A tarantella (shapeshifter) (Vaults:5)
  7 culicivora zombies
  17 tarantella zombies
  A satyr zombie (Shoals:4)
  A slime creature (Vaults:4)
  2 meliai zombies
  3 black mamba zombies
  A jumping spider (Spider:3)
  A culicivora (Spider:4)
  A water elemental (Depths:1)
  5 wind drake zombies (Shoals:4)
  A spectral hell beast (Depths:3)
  7 slime creature zombies
  A spectral rust devil (Orc:2)
  A human (D:14)
  A spectral orange demon (Orc:2)
  A redback (Spider:3)
  53 human zombies
  A two-headed ogre zombie (D:9)
  4 water nymph zombies
  2 tengu zombies (Depths:4)
  3 fire bat zombies (Depths:3)
  12 deep troll zombies
  A cane toad zombie (Lair:5)
  4 entropy weaver zombies
  6 elephant zombies (Lair:5)
  17 elf zombies
  A hornet zombie (Depths:1)
  2 blink frog zombies
  3 dream sheep zombies (Lair:5)
  2 torpor snail zombies
  A vampire mosquito zombie (D:12)
  A komodo dragon zombie (Lair:5)
  A spectral ynoxinul (Orc:2)
  27 yaktaur zombies
  3 wyvern zombies
  2 hell hound zombies (Spider:3)
  A cyclops zombie (D:15)
  A polar bear zombie (Lair:5)
  5 water moccasin zombies
  10 yak zombies
  4 warg zombies
  3 centaur zombies
  2 bullfrog zombies
  A basilisk zombie (D:9)
  A scorpion zombie (D:9)
  2 killer bee zombies (Lair:3)
  7 ogre zombies
  A sky beast zombie (D:8)
  An acid dragon zombie (Zot:3)
  An ice beast zombie (D:5)
  A hound zombie (D:6)
  4 howler monkey zombies
  2 spectral crimson imps (Depths:3)
  An adder zombie (D:2)
  7 gnoll zombies
  An iguana zombie (D:7)
  3 jelly zombies (D:6)
  2 bat zombies (D:2)
  2 endoplasm zombies
  A frilled lizard zombie (D:2)
  A giant cockroach zombie (D:3)
  2 goblin zombies
  A jackal zombie (D:2)
  6 kobold zombies (D:8)
  73 orc zombies
  2 rat zombies (D:2)
  A spectral ufetubus (D:6)
  6 snaplasher vines
  15 starspawn tentacles (Spider:4)
574 creatures vanquished.

Grand Total: 2427 creatures vanquished

Notes
Turn   | Place    | Note
-------+----------+-------------------------------------------
     0 | D:1      | iguanaiguana the Mummy Summoner began the quest for the
                  | Orb.
     0 | D:1      | Reached XP level 1. HP: 13/13 MP: 4/4
   187 | D:1      | Found Udiugiss's Distillery.
   379 | D:1      | Reached XP level 2. HP: 16/19 MP: 2/5
   506 | D:1      | Learned a level 2 spell: Call Imp
   824 | D:1      | Gained mutation: You are in touch with the powers of death.
                  | [Mummy growth]
   824 | D:1      | Reached XP level 3. HP: 20/24 MP: 1/7
  1105 | D:1      | Found Foev's Jewellery Shoppe.
  1724 | D:1      | Upgraded the game from 0.31-a0-161-gb58dd9be76 to
                  | 0.31-a0-175-g9f7f995f2b
  2059 | D:2      | Noticed Robin
  2108 | D:2      | Killed Robin
  2109 | D:2      | Reached XP level 4. HP: 21/30 MP: 1/8
  2260 | D:2      | Learned a level 3 spell: Call Canine Familiar
  2393 | D:2      | Found a faded altar of an unknown god.
  2403 | D:2      | Prayed at the altar of an unknown god.
  2403 | D:2      | Became a worshipper of Yredelemnul the Dark
  2403 | D:2      | Reached * piety under Yredelemnul
  2615 | D:2      | Reached ** piety under Yredelemnul
  2822 | D:2      | Found a runed translucent door.
  2823 | D:2      | Noticed Crazy Yiuf
  2876 | D:2      | Killed Crazy Yiuf
  2877 | D:2      | Reached XP level 5. HP: 35/35 MP: 1/9
  3088 | D:3      | Found a stormy altar of Qazlal.
  3126 | D:3      | You fall into a shaft and drop 3 floors!
  3200 | D:6      | Reached skill level 5 in Summonings
  3242 | D:6      | Reached XP level 6. HP: 41/41 MP: 4/12
  3374 | D:5      | Entered Level 5 of the Dungeon
  3567 | D:5      | Noticed an ice beast
  3577 | D:5      | Killed an ice beast
  3611 | D:5      | Found an ornate altar of the Wu Jian Council.
  3612 | D:5      | Found a shimmering altar of Xom.
  3613 | D:5      | Found a shimmering blue altar of Sif Muna.
  3663 | D:5      | Reached XP level 7. HP: 46/46 MP: 9/14
  3791 | D:5      | Reached skill level 5 in Spellcasting
  3979 | D:5      | Found a blossoming altar of Fedhas.
  4162 | D:5      | Identified the +7 flail of Wosit {venom, Will- Str+10 Int+5
                  | Stlth-}
  4977 | D:4      | Found Athrolytz's Distillery.
  5035 | D:4      | Found a radiant altar of Vehumet.
  5382 | D:3      | Reached XP level 8. HP: 52/52 MP: 17/17
  5980 | D:6      | Identified the +0 pair of boots of Paer Vick {Dex+3}
  6074 | D:6      | Reached skill level 1 in Air Magic
  6079 | D:6      | Learned a level 4 spell: Summon Lightning Spire
  6180 | D:6      | Found a staircase to the Ecumenical Temple.
  6900 | D:7      | Found an ancient bone altar of Kikubaaqudgha.
  7003 | D:7      | Reached skill level 5 in Air Magic
  7197 | D:7      | Reached XP level 9. HP: 57/57 MP: 19/19
  7381 | D:7      | Reached skill level 1 in Fighting
  7532 | D:7      | Reached *** piety under Yredelemnul
  7928 | D:7      | Reached skill level 1 in Invocations
  8707 | D:8      | Reached skill level 5 in Fighting
  9274 | D:9      | Reached XP level 10. HP: 76/76 MP: 9/20
  9429 | D:9      | Reached skill level 1 in Armour
  9521 | D:9      | Noticed a two-headed ogre
  9531 | D:9      | Killed a two-headed ogre
  9621 | D:9      | Found a staircase to the Lair.
  9911 | D:9      | Noticed a deep elf pyromancer
  9917 | D:9      | Killed a deep elf pyromancer
  9919 | D:9      | Reached **** piety under Yredelemnul
 10021 | D:9      | Learned a level 2 spell: Blink
 10413 | D:10     | Entered Level 10 of the Dungeon
 10481 | D:10     | Noticed Joseph
 10606 | D:10     | Killed Joseph
 10607 | D:10     | Reached skill level 5 in Shields
 10926 | D:10     | Reached XP level 11. HP: 55/81 MP: 14/21
 11112 | D:10     | Found a transporter.
 11116 | D:10     | Found a transporter.
 11159 | D:10     | Found a transporter.
 11221 | D:10     | Noticed Lodul
 11232 | D:10     | Reached ***** piety under Yredelemnul
 11237 | D:10     | Killed Lodul
 11477 | D:10     | Found a transporter.
 11876 | Lair:1   | Entered Level 1 of the Lair of Beasts
 11986 | Lair:1   | Reached skill level 5 in Invocations
 12429 | Lair:1   | Noticed Nergalle
 12436 | Lair:1   | Killed Nergalle
 12437 | Lair:1   | Reached ****** piety under Yredelemnul
 13174 | Lair:2   | Reached XP level 12. HP: 72/88 MP: 17/22
 13175 | Lair:2   | Noticed a seven-headed hydra
 13180 | Lair:2   | Killed a seven-headed hydra
 13193 | Lair:2   | Found a hole to the Spider Nest.
 13230 | Lair:2   | Reached skill level 10 in Invocations
 13497 | Lair:2   | Noticed an eight-headed hydra
 13504 | Lair:2   | Killed an eight-headed hydra
 13504 | Lair:2   | Enslaved an eight-headed hydra
 14078 | Lair:3   | Found a staircase to the Shoals.
 14285 | Lair:3   | Reached skill level 10 in Summonings
 15081 | Lair:4   | Reached skill level 10 in Spellcasting
 15139 | Lair:4   | Reached skill level 1 in Translocations
 15143 | Lair:4   | Gained mutation: You are strongly in touch with the powers
                  | of death. [Mummy growth]
 15143 | Lair:4   | Reached XP level 13. HP: 70/93 MP: 24/27
 15234 | Lair:4   | Learned a level 5 spell: Summon Forest
 15539 | Lair:4   | Found a staircase to the Slime Pits.
 15720 | Lair:4   | Reached skill level 5 in Translocations
 16077 | Lair:5   | Entered Level 5 of the Lair of Beasts
 16290 | Lair:5   | Learned a level 1 spell: Apportation
 16315 | Lair:5   | Got the Codex of Stormy Allies
 17170 | Lair:5   | Reached XP level 14. HP: 97/100 MP: 28/30
 17324 | Lair:5   | Got the Grimoire of Turbulence
 18445 | D:11     | Identified a scroll of acquirement
 18489 | D:11     | Identified the +2 cloak of the Big Bang {rN++}
 18818 | D:11     | Found a runed translucent door.
 19003 | D:11     | Acquired a +2 buckler of protection
 19124 | D:11     | Learned a level 7 spell: Summon Hydra
 19445 | D:12     | Reached skill level 5 in Dodging
 19816 | D:12     | Found a basalt altar of Yredelemnul.
 19830 | D:12     | Found a staircase to the Orcish Mines.
 19861 | D:12     | Found Hybuf's Magic Scroll Boutique.
 19862 | D:12     | Noticed Nessos
 20276 | D:12     | Bought a scroll of amnesia for 60 gold pieces
 20276 | D:12     | Bought a scroll of summoning for 142 gold pieces
 20276 | D:12     | Bought a scroll of revelation for 112 gold pieces
 20276 | D:12     | Bought a scroll of torment for 142 gold pieces
 20532 | D:12     | Killed Nessos
 20533 | D:12     | Reached skill level 1 in Evocations
 21361 | D:13     | Found a gate to the Vaults.
 22483 | D:1      | Bought the ring of Understanding {rF+ rCorr Slay+4} for
                  | 1268 gold pieces
 22758 | Orc:1    | Entered Level 1 of the Orcish Mines
 22920 | Orc:2    | Entered Level 2 of the Orcish Mines
 22920 | Orc:2    | Found Joquhax's Distillery.
 22968 | Orc:2    | Noticed Urug
 22995 | Orc:2    | Killed Urug
 23423 | Orc:2    | Found a staircase to the Elven Halls.
 23770 | Orc:2    | Found Pajimisa's General Store.
 24072 | Orc:2    | Found Gaimefi's General Store.
 24245 | Orc:2    | Bought a scroll of teleportation for 39 gold pieces
 25065 | Orc:2    | Reached XP level 15. HP: 85/110 MP: 20/32
 25301 | Orc:2    | Found Congov's Book Emporium.
 25301 | Orc:2    | Found Pusahe's Antique Armour Shoppe.
 25314 | Orc:2    | Found a one-way gate leading to the halls of Pandemonium.
 25640 | D:14     | Noticed Kirke
 25657 | D:14     | Killed Kirke
 25945 | D:14     | Found Pumual's Weapon Shop.
 26169 | D:14     | Found a shimmering blue altar of Sif Muna.
 26281 | D:15     | Entered Level 15 of the Dungeon
 27281 | D:15     | Found a staircase to the Depths.
 27945 | Spider:1 | Entered Level 1 of the Spider Nest
 29106 | Spider:2 | Reached skill level 15 in Summonings
 29798 | Spider:2 | Noticed Arachne
 29811 | Spider:2 | Killed Arachne
 29811 | Spider:2 | Enslaved Arachne
 29898 | Spider:2 | Reached XP level 16. HP: 98/117 MP: 6/33
 30507 | Spider:2 | Identified the +5 tower shield "Soidoni" {Dex+2}
 31678 | Spider:3 | Your ally Arachne died
 31704 | Spider:3 | Noticed Azrael
 31709 | Spider:3 | Killed Azrael
 32902 | Spider:3 | Noticed Louise
 32915 | Spider:3 | Killed Louise
 32915 | Spider:3 | Enslaved Louise
 33731 | Spider:4 | Entered Level 4 of the Spider Nest
 34283 | Spider:4 | Noticed Mlioglotl
 34289 | Spider:4 | Killed Mlioglotl
 34289 | Spider:4 | Enslaved Mlioglotl
 34294 | Spider:4 | Reached skill level 10 in Fighting
 35205 | Spider:4 | Reached XP level 17. HP: 131/131 MP: 0/34
 35853 | Spider:4 | Your ally Mlioglotl died
 35871 | Spider:4 | Identified the +2 hat of Yvej {Str+6 Dex-4}
 35990 | Spider:4 | Got a gossamer rune of Zot
 36258 | Shoals:1 | Entered Level 1 of the Shoals
 36379 | Shoals:1 | Found Ybiolyv's Book Shoppe.
 36406 | Shoals:1 | Reached skill level 15 in Spellcasting
 36566 | Shoals:1 | Noticed Josephine
 36574 | Shoals:1 | Killed Josephine
 36574 | Shoals:1 | Enslaved Josephine
 36578 | Shoals:1 | Noticed Roxanne
 36710 | Shoals:1 | Your ally Josephine died
 36837 | Shoals:1 | Found Vubikhli's Book Shoppe.
 36958 | Shoals:1 | Found Uneoxt's Book Shop.
 36966 | Shoals:1 | Bought a book of Beasts for 646 gold pieces
 36972 | Shoals:1 | Learned a level 5 spell: Summon Mana Viper
 36980 | Shoals:1 | Learned a level 7 spell: Monstrous Menagerie
 37193 | Shoals:1 | Killed Roxanne
 37194 | Shoals:1 | Reached skill level 1 in Hexes
 37848 | Shoals:2 | You fall into a shaft and drop 1 floor!
 38067 | Shoals:2 | Found a runed translucent gate.
 38067 | Shoals:2 | Found a runed translucent gate.
 38067 | Shoals:2 | Found a runed translucent gate.
 38068 | Shoals:2 | Noticed billz999's ghost (adept VSCK)
 38077 | Shoals:2 | Reached skill level 1 in Necromancy
 38525 | Shoals:3 | Reached skill level 1 in Earth Magic
 39635 | Shoals:1 | Bought Great Wizards, Vol. II for 722 gold pieces
 39641 | Shoals:1 | Learned a level 5 spell: Borgnjor's Vile Clutch
 39684 | Shoals:4 | Entered Level 4 of the Shoals
 39684 | Shoals:4 | Found a radiant altar of Vehumet.
 40153 | Shoals:4 | Reached skill level 5 in Necromancy
 40230 | Shoals:4 | Paralysed by an air elemental for 1 turns
 40233 | Shoals:4 | Paralysed by an air elemental for 1 turns
 40236 | Shoals:4 | Paralysed by an air elemental for 1 turns
 40438 | Shoals:4 | Reached XP level 18. HP: 102/140 MP: 8/37
 40675 | Shoals:4 | Paralysed by an air elemental for 1 turns
 41220 | Shoals:4 | Found a stormy altar of Qazlal.
 41634 | Shoals:4 | Identified the ring "Zups" {rC+ Dex+6}
 41740 | Shoals:4 | Paralysed by an air elemental for 1 turns
 41883 | Shoals:4 | Reached skill level 5 in Earth Magic
 41904 | Shoals:4 | Got a barnacled rune of Zot
 42072 | Shoals:4 | Upgraded the game from 0.31-a0-175-g9f7f995f2b to
                  | 0.31-a0-177-g4aa6249778
 42072 | Shoals:4 | Acquired the +3 pair of mountain boots {steadfast, rC+}
 42072 | Shoals:4 | Found the +3 pair of mountain boots {steadfast, rC+}
 42365 | D:14     | Bought the +3 scimitar "Celug" {drain, rElec rN+++ rCorr
                  | Int-3} for 847 gold pieces
 42571 | Elf:1    | Entered Level 1 of the Elven Halls
 42928 | Elf:1    | Identified the +10 great sword "Tiggeig" {heavy, Dex+2}
 42949 | Elf:1    | Identified the +9 quarterstaff of Suwnin {heavy, rC+ Int+6}
 43930 | Elf:1    | Identified the +2 war axe "Naume" {drain, Int+3}
 44126 | Elf:1    | Identified the +8 whip "Ekaelol" {pain, Str+2}
 44201 | Elf:2    | Noticed Aizul
 44209 | Elf:1    | Killed Aizul
 44661 | Elf:2    | Found Ujiedy's Distillery.
 44663 | Elf:2    | Found an ancient bone altar of Kikubaaqudgha.
 45147 | Elf:2    | Found a runed translucent gate.
 45147 | Elf:2    | Found a runed translucent gate.
 45147 | Elf:2    | Found a runed translucent gate.
 45418 | Vaults:1 | Entered Level 1 of the Vaults
 46539 | Vaults:1 | Reached XP level 19. HP: 108/153 MP: 25/39
 46838 | Vaults:1 | Found Jufomiam's Distillery.
 47373 | Vaults:1 | Reached skill level 15 in Fighting
 48209 | Vaults:2 | Found Tyetriwuoj's Book Shoppe.
 48215 | Vaults:2 | Bought a book of Death for 616 gold pieces
 48223 | Vaults:2 | Learned a level 7 spell: Haunt
 48506 | Vaults:2 | Noticed Bai Suzhen
 48688 | Vaults:2 | Noticed a bone dragon
 48705 | Vaults:2 | Killed a bone dragon
 48706 | Vaults:2 | Reached skill level 10 in Necromancy
 49195 | Vaults:2 | Killed Bai Suzhen
 49195 | Vaults:2 | Enslaved Bai Suzhen
 50032 | Vaults:2 | Found a staircase to the Crypt.
 50222 | Vaults:3 | Found Dagetz's General Store.
 51149 | Vaults:3 | Noticed Nikola
 51167 | Vaults:3 | Killed Nikola
 51205 | Vaults:3 | Noticed Mara
 51207 | Vaults:3 | Noticed iguanaiguana's illusion
 51213 | Vaults:3 | Killed Mara
 51213 | Vaults:3 | Enslaved Mara
 51867 | Vaults:3 | Paralysed by a great orb of eyes for 4 turns
 51871 | Vaults:3 | Reached XP level 20. HP: 119/162 MP: 30/40
 54087 | Depths:1 | Entered Level 1 of the Depths
 54602 | Depths:1 | Found a gateway to Hell.
 54630 | Depths:1 | Found a sacrificial altar of Ru.
 54966 | Depths:2 | Found Comonago's Elemental Accessories.
 55504 | Depths:2 | Noticed a juggernaut
 55509 | Depths:2 | Killed a juggernaut
 55567 | Depths:2 | Reached XP level 21. HP: 168/168 MP: 27/42
 55709 | Depths:2 | Found the +5 glaive of the Guard {elec, spectral, AC+5}
 55929 | Depths:3 | Noticed Jory
 56382 | Depths:3 | Killed Jory
 56452 | Depths:3 | Noticed Boris
 56458 | Depths:3 | Killed Boris
 56539 | Depths:3 | Found a shimmering altar of Xom.
 56597 | Depths:3 | Identified the +0 chain mail of Fashionability {Contam rF-
                  | Dex+7}
 56750 | Depths:3 | Identified the +6 rapier of Athrocugg {freeze, Dex+2}
 56947 | Depths:3 | Noticed a golden dragon
 56953 | Depths:3 | Killed a golden dragon
 57043 | Depths:3 | Noticed a caustic shrike
 57049 | Depths:3 | Killed a caustic shrike
 57198 | Depths:3 | Found a one-way gate to the infinite horrors of the Abyss.
 57216 | Depths:3 | Identified the staff of the Blushing Fox {rElec rCorr
                  | Earth}
 57257 | Depths:3 | Noticed a juggernaut
 57267 | Depths:3 | Killed a juggernaut
 57621 | Vaults:2 | Bought a Grand Grimoire for 476 gold pieces
 57629 | Vaults:2 | Learned a level 7 spell: Malign Gateway
 57639 | Vaults:2 | Learned a level 8 spell: Summon Horrible Things
 57774 | Vaults:5 | Entered Level 5 of the Vaults
 58099 | Vaults:5 | Identified the +5 ring mail "Jupuebli" {rN+ Regen+ MP+9
                  | Int-3}
 58208 | Vaults:5 | Your ally Mara died
 58352 | Vaults:5 | Identified the +7 trident "Meene" {drain, rF+ rC+ Dex+4}
 58363 | Vaults:5 | Identified the amulet of Icuugy Feqe {Spirit rF+ Dex+3
                  | Stlth-}
 58985 | Vaults:5 | Identified the +1 orcbow of Govaviva {freeze, MP+9 Str+3}
 58993 | Vaults:5 | Reached XP level 22. HP: 123/175 MP: 21/45
 59221 | Vaults:5 | Noticed a golden dragon
 59612 | Vaults:5 | Killed a golden dragon
 59684 | Vaults:5 | Identified the staff "Ring" {rElec rN+ Necro}
 60124 | Vaults:5 | Noticed a dread lich
 60183 | Vaults:5 | Reached skill level 10 in Translocations
 60331 | Vaults:5 | Noticed a dread lich
 60341 | Vaults:5 | Killed a dread lich
 60439 | Vaults:5 | Found Boingem's Distillery.
 60769 | Vaults:5 | Killed a dread lich
 61208 | Vaults:5 | Identified the staff of a Labyrinth {rElec rPois Poison}
 61427 | Vaults:5 | Got the Spellbook of Decaying Invitation
 61429 | Vaults:5 | Got a silver rune of Zot
 62148 | Depths:4 | Entered Level 4 of the Depths
 62148 | Depths:4 | Found Gylio's Weapon Shop.
 62201 | Depths:4 | Noticed a juggernaut
 62210 | Depths:4 | Killed a juggernaut
 62216 | Depths:4 | Found a flickering gateway to a bazaar.
 62257 | Depths:4 | Found Ynaklaap's Magic Scroll Shoppe.
 62352 | Bazaar   | Entered a bazaar
 62408 | Bazaar   | Found Guwynor's General Store.
 62409 | Bazaar   | Found Zuag's Armour Shoppe.
 62439 | Bazaar   | Bought a scroll of acquirement for 416 gold pieces
 62439 | Bazaar   | Acquired 840 gold pieces
 62461 | Bazaar   | Found Maicamnu's Antique Armour Emporium.
 62461 | Bazaar   | Found Igires's Distillery.
 62509 | Depths:4 | Bought a scroll of teleportation for 72 gold pieces
 62509 | Depths:4 | Bought 3 scrolls of teleportation for 216 gold pieces
 62509 | Depths:4 | Bought a scroll of teleportation for 72 gold pieces
 62509 | Depths:4 | Bought a scroll of teleportation for 72 gold pieces
 62509 | Depths:4 | Bought a scroll of teleportation for 72 gold pieces
 62509 | Depths:4 | Bought a scroll of fear for 96 gold pieces
 63329 | Depths:4 | Found a one-way gateway to a ziggurat.
 63901 | Depths:4 | Found Ziarchuny's Weapon Emporium.
 63961 | Depths:4 | Found Luif's Antique Weapon Shop.
 64195 | Depths:4 | Reached XP level 23. HP: 119/182 MP: 14/46
 64312 | Depths:4 | Found a gate to the Realm of Zot.
 64791 | Zot:1    | Entered Level 1 of the Realm of Zot
 66965 | Zot:2    | Noticed a curse toe
 66976 | Zot:2    | Killed a curse toe
 67205 | Zot:2    | Noticed a curse toe
 67210 | Zot:2    | Killed a curse toe
 68407 | Zot:3    | Identified the +0 leather armour of Pride {Will+}
 69173 | Zot:3    | Identified the ring of Jiptunoo {rPois Will+ MP+9 SInv
                  | Stlth-}
 69323 | Zot:3    | Identified the +3 rapier "Dosau" {venom, rElec Will+ Str+6}
 69953 | Zot:3    | Identified the amulet "Lueth" {Reflect Will+ SH+5}
 70114 | Zot:3    | Identified the +4 sling of the Heart {flame, rC+}
 70853 | Zot:4    | Noticed a curse toe
 70866 | Zot:4    | Killed a curse toe
 71064 | Zot:4    | Reached XP level 24. HP: 161/204 MP: 19/46
 71351 | Zot:4    | Identified the +8 chain mail of Chill Winds {Harm}
 72015 | Zot:4    | Noticed a Killer Klown
 72022 | Zot:4    | Killed from afar by a black draconian

Illustrated notes

Levels and vault maps discovered:
D:1:      minmay_arrival_diagonal_passages, layout_basic, serial_bayou,
          serial_bayou_shore_b, serial_bayou_crossing, serial_bayou_pond_c,
          serial_bayou_ford_a, serial_shops, shop, shop, st_stairs_12,
          minmay_unequal
D:2:      layout_rooms, ebering_ecumenical_altar_petrified, st_stairs_6,
          columned_hall_lemuel, hangedman_abyss_or_decor_stabs,
          uniq_crazy_yiuf_cottage, uniq_robin
D:3:      layout_basic, lemuel_round_altar, nrook_uturn
D:4:      layout_loops_ring, lemuel_crystal_altar, serial_shops, shop
D:5:      layout_loops_corners, mainiacjoe_overflow_alcove_4,
          chequers_temple_overflow_statue_of_worship
D:6:      layout_basic, minmay_temple_entry_mini_moons
D:7:      layout_gridville, overflow_temple_1_default, nicolae_grassy_gnolls
D:8:      layout_basic
D:9:      layout_basic, elyvilon_altar_5, minmay_lair_entry_grove, serial_glass,
          glass_columns_a, glass_columns_b, feat_on_display,
          due_unseen_surprise, item_on_display_a, item_on_display_a
D:10:     layout_basic, zin_treasury, nicolae_transporter_circle, uniq_lodul,
          uniq_joseph
D:11:     layout_roguey, serial_rivers, chequers_serial_rivers_large_a,
          chequers_serial_rivers_small_a, chequers_serial_rivers_small_3,
          chequers_serial_rivers_large_b, chequers_serial_rivers_marsh,
          chequers_serial_rivers_small_b, lightli_church_of_beogh
D:12:     layout_basic, minmay_orc_entry_guard_dogs, serial_shops, shop,
          nicolae_yredelemnul_corpse_copse, uniq_nessos
D:13:     layout_stronghold, erik_vaults_1, minmay_crystal_water
D:14:     layout_roguey, serial_shops, shop, dreamdust_wishing_well,
          nicolae_sif_muna_little_library, uniq_kirke
D:15:     hangedman_depths_entry_try_elsewhere_first, layout_rooms, minivault_4
Lair:1:   layout_cave_pods, uniq_nergalle
Lair:2:   layout_long_grid, nicolae_spider_entry_lesser_pyramids,
          beast_lair_carwin_1
Lair:3:   layout_loops_ring, nicolae_shoals_entry_flooding, special_room
          [special_room_bee], chequers_serial_rivers_micro_d,
          dreamdust_gnoll_shepherd, serial_bayou_shore_b
Lair:4:   layout_gridlike, slime_entry_1, infiniplex_staircase_pool
Lair:5:   evilmike_catoblepas_cave, layout_cave_pods
Shoals:1: layout_shoals, serial_shops, shop_fountains, shop,
          nicolae_book_shop_shelving, uniq_josephine, uniq_roxanne
Shoals:2: layout_shoals, gammafunk_ghost_necromancy
Shoals:3: layout_shoals
Shoals:4: shoals_end_hellmonk_storm_palace [storm_palace_center_square,
          storm_palace_corner_reverse_hut, storm_palace_corner_altar,
          storm_palace_corner_narrow, storm_palace_corner_altar]
Spider:1: layout_spider_delve
Spider:2: layout_chambers, nicolae_spider_not_touching_you, uniq_arachne
Spider:3: layout_cave_pods, uniq_louise, uniq_azrael
Spider:4: floodkiller_spider_rune_tomb, uniq_mlioglotl
Orc:1:    layout_diamond_mine, serial_shops, shop
Orc:2:    pf_orc_diabolical, layout_caves, serial_shops, shop,
          nicolae_orc_crystal_geode, uniq_urug
Elf:1:    layout_geoelf_grid, minmay_elf_necromancy, minivault_16, minivault_11,
          lemuel_flamethrower_hall
Elf:2:    nicolae_elf_blades_splatter_lattice [nicolae_blade_bullseye],
          layout_loops_cross, basic_altar, serial_shops,
          nicolae_shop_tiny_real_fake_doors, uniq_zenata, uniq_aizul
Vaults:1: v_rooms_2, nicolae_vaults_twisting_passages,
          nicolae_vaults_network_barrier, v_misc_13, ontoclasm_vaults_idyll,
          v_misc_28, v_misc_11, nicolae_vaults_rhombus_6,
          nicolae_vaults_tetromino_Z_2, layout_vaults_quadrants, serial_shops,
          shop
Vaults:2: nicolae_vaults_murder_corner, nicolae_vaults_swerve,
          nicolae_vaults_offset_grid_hallway_3, vaults_standard_mumra_lines,
          nicolae_vaults_heist, minmay_crypt_entry_nasty_monster,
          nicolae_vaults_wine_cellar, nicolae_vaults_house_3,
          grunt_vaults_diagonal, vaults_room_grid, vaults_room_pools,
          nicolae_vaults_diagonal_hallway_6,
          nicolae_vaults_trapezoid_lopsided_1, ontoclasm_vaults_decontamination,
          layout_vaults_chaotic_city, serial_shops, shop, uniq_bai_suzhen
Vaults:3: hangedman_vaults_slice, nicolae_vaults_bisected_slash,
          v_alt_pattern_6, nicolae_vaults_tetromino_T_2, v_misc_31,
          nicolae_vaults_shelves_hall, nicolae_vaults_stand_back,
          nicolae_vaults_prndl, vaults_room_pool, vaults_room_corners,
          layout_vaults_omnibox, serial_shops, shop, uniq_mara, uniq_nikola
Vaults:4: vaults_mumra_bighexcomb, v_misc_30, hangedman_vaults_variations,
          ontoclasm_vaults_tryst, nicolae_vaults_sightless_eye,
          nicolae_vaults_network_square, nicolae_vaults_storage_room_doors,
          nicolae_vaults_closet_pinwheel_6, serial_ice_h, vaults_room_pool,
          vaults_room_corners, layout_vaults_ring
Vaults:5: serial_shops
Depths:1: layout_cave_pools, minmay_misc_feat_tiny, hell_entry, pan_entry,
          nicolae_ru_sacrificial_ziggurat, serial_bayou_shore_b
Depths:2: minmay_guarded_unrand_guard, layout_basic, grunt_pan_entry_sceptre,
          hell_entry, minmay_misc_feat_more_columns, nicolae_elemental_shop
Depths:3: minmay_sliced_demisemicircle, layout_cave_pools, abyss_entry,
          grunt_mini_vestibule, led_xom_imps, infiniplex_staircase_door_maze,
          uniq_boris, uniq_jory
Depths:4: grunt_zot_entry_bicorn, layout_cave_shapes, enter_ziggurat_c,
          minmay_tree_intersection, hangedman_geh_valley, serial_shops,
          bzr_entry_lakeside, shop, nicolae_shop_hallway_plus,
          nicolae_shop_stone, shop, grunt_megastairs_3
Zot:1:    layout_basic
Zot:2:    hangedman_snap_crack_crunch, layout_cathedral_of_symmetry,
          grunt_ministairs_6
Zot:3:    layout_gridlike, st_large_dragon_hoard_4
Zot:4:    grunt_zot_stairs_mandelzot, layout_twisted_circle, bh_zot_ikea_curve

Skill      XL: |  1  2  3  4  5  6  7  8  9 10 11 12 13 14 15 16 17 18 19 20 21 22 23 24 |
---------------+-------------------------------------------------------------------------+-----
Stealth        | 2 3 |  3.0
Summonings     | 4 5 6 7 10 11 12 15 17 18 20 | 20.0
Spellcasting   | 4 6 7 10 12 13 15 16 17 19 | 19.0
Air Magic      | 5 6 |  6.0
Fighting       | 6 8 11 12 14 15 20 | 20.0
Invocations    | 4 9 10 11 14 | 14.0
Dodging        | 2 4 6 8 |  8.7
Armour         | 3 |  3.8
Shields        | 5 6 |  6.0
Translocations | 1 6 9 12 | 12.0
Evocations     | 4 |  4.0
Hexes          | 4 |  4.0
Necromancy     | 5 9 14 | 14.0
Earth Magic    | 3 6 |  6.0
Conjurations   | |  0.5

Action                     |  1- 3 |  4- 6 |  7- 9 | 10-12 | 13-15 | 16-18 | 19-21 | 22-24 || total
---------------------------+-------+-------+-------+-------+-------+-------+-------+-------++-------
  Melee: Unarmed           |    12 |       |       |       |       |       |       |       ||    12
         Dagger            |    29 |    11 |       |       |       |       |       |       ||    40
         Spear             |       |    45 |   162 |       |       |       |       |       ||   207
         Trident           |       |       |   137 |    20 |    38 |   121 |       |     5 ||   321
         Flail             |       |       |       |   185 |   511 |    54 |   121 |    34 ||   905
         Staff             |       |       |       |       |       |       |       |   189 ||   189
   Cast: Summon Small Mamm |    51 |    14 |     4 |     2 |     1 |     1 |       |       ||    73
         Call Imp          |    24 |    16 |    22 |     7 |     1 |       |       |       ||    70
         Call Canine Famil |       |     6 |    29 |    25 |    60 |       |       |       ||   120
         Summon Lightning  |       |       |    13 |    33 |    73 |     2 |       |       ||   121
         Summon Forest     |       |       |       |       |    27 |    38 |    13 |       ||    78
         Summon Hydra      |       |       |       |       |    19 |   176 |    25 |    15 ||   235
         Monstrous Menager |       |       |       |       |       |    22 |     2 |     2 ||    26
         Borgnjor's Vile C |       |       |       |       |       |    89 |   248 |   252 ||   589
         Summon Mana Viper |       |       |       |       |       |     1 |       |       ||     1
         Haunt             |       |       |       |       |       |       |    36 |    68 ||   104
         Summon Horrible T |       |       |       |       |       |       |     5 |     6 ||    11
         Malign Gateway    |       |       |       |       |       |       |     3 |     9 ||    12
 Invoke: Recall Undead Har |       |     2 |     7 |     3 |     8 |    10 |    22 |    17 ||    69
         Dark Bargain      |       |       |     3 |     2 |     1 |     3 |    10 |     2 ||    21
         Bind Soul         |       |       |       |     2 |     6 |     8 |     3 |     2 ||    21
         Stop Recall       |       |       |       |       |       |     1 |     1 |       ||     2
  Evoke: Wand              |       |       |       |       |    13 |     1 |       |     6 ||    20
         Phantom mirror    |       |       |       |       |     3 |     3 |     2 |     2 ||    10
         Condenser vane    |       |       |       |       |       |     1 |     3 |     2 ||     6
    Use: Scroll            |       |     6 |     4 |     7 |    13 |     9 |     2 |    20 ||    61
   Stab: Distracted        |     1 |       |     2 |     7 |    14 |     3 |     4 |     8 ||    39
         Sleeping          |       |     1 |     1 |       |       |       |       |       ||     2
         Paralysed         |       |       |       |       |     1 |       |       |       ||     1
 Armour: Robe              |    10 |       |       |       |    29 |   117 |   112 |   146 ||   414
         Animal skin       |       |    13 |    42 |    59 |    37 |       |       |       ||   151
         Leather armour    |       |       |       |       |   227 |       |       |       ||   227
  Dodge: Dodged            |    34 |    16 |   198 |   189 |   679 |   334 |   149 |   169 ||  1768
  Block: Kite shield       |       |       |       |   151 |   106 |       |       |       ||   257
         Buckler           |       |       |       |       |   270 |    76 |    88 |    90 ||   524

Table legend: (Time is in decaauts)
 A = Elapsed time spent in this place.
 B = Non-inter-level travel time spent in this place.
 C = Inter-level travel time spent in this place.
 D = Time resting spent in this place.
 E = Time spent auto-exploring this place.
 F = Levels seen in this place.
 G = Mean time per level.
                   A        B        C        D        E       F      G
               +--------+--------+--------+--------+--------+-----+--------+
         Total |  80042 |  74013 |   6029 |   8846 |  51668 |  46 | 1740.0 |
       Dungeon |  21899 |  18989 |   2910 |    838 |  14226 |  15 | 1459.9 |
          Lair |   7608 |   7144 |    464 |    332 |   5540 |   5 | 1521.6 |
        Shoals |   6728 |   6449 |    279 |    964 |   4369 |   4 | 1682.0 |
   Spider Nest |   8712 |   8500 |    212 |   2073 |   5032 |   4 | 2178.0 |
  Orcish Mines |   3388 |   3036 |    352 |    434 |   1837 |   2 | 1694.0 |
   Elven Halls |   3016 |   2891 |    125 |     89 |   2429 |   2 | 1508.0 |
        Vaults |  14466 |  13580 |    886 |   2485 |   8831 |   5 | 2893.2 |
        Depths |   6683 |   6147 |    536 |    766 |   4272 |   4 | 1670.8 |
           Zot |   7399 |   7138 |    261 |    865 |   5005 |   4 | 1849.8 |
        Bazaar |    141 |    141 |      0 |      0 |    124 |   1 |  141.0 |
               +--------+--------+--------+--------+--------+-----+--------+

Top non-repeatable levels by time:
Vaults:5: 4379 daAuts
   Orc:2: 2974 daAuts
Spider:2: 2834 daAuts
Vaults:2: 2787 daAuts
Vaults:1: 2705 daAuts
Shoals:4: 2703 daAuts
Spider:4: 2622 daAuts
Vaults:4: 2609 daAuts
Spider:3: 2474 daAuts
   Zot:3: 2394 daAuts
Depths:4: 2355 daAuts
  Lair:5: 2151 daAuts
Vaults:3: 1983 daAuts
   Elf:1: 1975 daAuts
    D:10: 1929 daAuts
